 Dungeon Crawl Stone Soup version 0.31-a0-1093-gadecf4124d (webtiles) character file.

Game seed: 10820102429727448343

142 Descartes the Digger (level 5, 0/35 HPs)
             Began as a Formicid Earth Elementalist on Nov 29, 2023.
             Killed from afar by a white imp (8 damage)
             ... with a puff of frost
             ... on level 3 of the Dungeon.
             The game lasted 00:06:09 (2711 turns).

Descartes the Digger (Formicid Earth Elementalist)  Turns: 2711, Time: 00:06:10

Health: 0/35       AC:  8    Str: 15    XL:     5   Next: 50%
Magic:  4/9        EV:  7    Int: 14    God:
Gold:   105        SH:  0    Dex: 14    Spells: 9/10 levels left

rFire   . . .        e - +0 dagger
rCold   . . .        (no shield)
rNeg    . . .        c - +0 chain mail
rPois   .            (helmet unavailable)
rElec   .            (no cloak)
rCorr   .            (no gloves)
SInv    +            (no boots)
Will    .....        (no amulet) Stlth
                     (no ring)
HPRegen 0.25/turn    (no ring)
MPRegen 0.11/turn

%: no passive effects
@: no status effects
A: permanent stasis, dig shafts and tunnels, antennae 3, four strong arms
a: Dig, Shaft Self


You were on level 3 of the Dungeon.
You visited 1 branch of the dungeon, and saw 3 of its levels.

You collected 105 gold pieces.

Inventory:

Hand Weapons
 e - a +0 dagger (weapon)
Missiles
 d - 6 poisoned darts
 j - 4 boomerangs
Armour
 a - a +0 robe
 c - a +0 chain mail (worn)
Scrolls
 g - 2 scrolls of fear {unknown}
 i - 2 scrolls of poison {unknown}
Potions
 b - a potion of magic
 f - a potion of might {unknown}
 h - a potion of brilliance {unknown}


   Skills:
 - Level 1.7 Dodging
 - Level 2.4 Stealth
 + Level 3.3 Spellcasting
 - Level 1.1 Transmutations
 + Level 6.2 Earth Magic


You had 9 spell levels left.
You knew the following spells:

 Your Spells              Type           Power      Damage    Failure   Level
a - Sandblast             Erth           38%        2d10      26%         1

Your spell library contained the following spells:

 Spells                   Type           Power      Damage    Failure   Level
 Passwall                 Tmut/Erth      10%        N/A       75%         2
 Stone Arrow              Conj/Erth      22%        3d8       96%         3
 Inner Flame              Hex/Fire       2%         N/A       100%        3
 Brom's Barrelling Bould  Conj/Erth      11%        2d3       100%        4
 Flame Wave               Conj/Fire      2%         2d4       100%        4
 Petrify                  Tmut/Erth      12%        N/A       100%        4
 Sticky Flame             Conj/Fire      2%         2d3       100%        4


Dungeon Overview and Level Annotations

Branches:
Dungeon (3/15)

Altars:
The Shining One


Innate Abilities, Weirdness & Mutations

You cannot be hasted, slowed, berserked, paralysed or teleported.
You can dig through walls and to a lower floor.
You have a pair of large antennae on your head. (SInv)
Your four strong arms can wield two-handed weapons with a shield.


Message History

You closely miss the white imp. The white imp hits you.
The white imp freezes you.
You hit the white imp.
The white imp is lightly wounded.
The kobold skeleton hits you but does no damage.
The white imp gestures at you. The puff of frost hits you.
You barely miss the white imp.
The white imp is lightly wounded.
The kobold skeleton hits you but does no damage.
The white imp hits you. The white imp freezes you.
You hit the white imp.
The white imp is moderately wounded.
The white imp hits you but does no damage.
The kobold skeleton barely misses you.
Your magical contamination has completely faded away.
Casting: Sandblast (safe; 26% risk of failure)
Confirm with . or Enter, or press ? or * to list all spells.
Aiming: Sandblast (safe; 26% risk of failure)
Press: ? - help, Shift-Dir - straight line, f/p - white imp
Aim: a white imp (moderately wounded, 82% to hit)
The blast of sand hits the white imp but does no damage.
The white imp is moderately wounded.
The white imp gestures at you. The puff of frost hits you.
The kobold skeleton hits you but does no damage.
The kobold skeleton attacks as it pursues you!
The kobold skeleton closely misses you.
The white imp attacks as it pursues you!
The white imp hits you but does no damage.
The white imp gestures at you. The puff of frost hits you.
The white imp gestures at you. The puff of frost hits you.
The white imp gestures at you. The puff of frost hits you.
* * * LOW HITPOINT WARNING * * *
The white imp gestures at you. The puff of frost hits you!
You die...

.........................# #####.
.........................#
.............#...####....#
............5............#
.........$.>.............#
.............Z...........#######
..?#....))).............).......
..##......##..........###########
.. #......##....@.....##........#
#......##..........##.#..###.#
#.....)##..........'..#..# #.#
#......##..........####..# #.#
###############..........###..
##########...### ###.# # #.# #
#.###


You could see a white imp and a kobold skeleton.

Vanquished Creatures
  An iguana (D:3)
  4 gnolls (D:1)
  An adder (D:2)
  A dart slug (D:1)
  3 orcs (D:3)
  7 ball pythons
  5 bats
  3 endoplasms
  5 giant cockroaches
  6 goblins
  2 hobgoblins (D:1)
  5 kobolds
  4 quokkas
  3 frilled lizards
  A goblin skeleton (D:3)
  2 goblin zombies (D:3)
  2 hobgoblin zombies (D:3)
  A kobold skeleton (D:3)
  A kobold zombie (D:3)
  An orc zombie (D:3)
  7 rats
65 creatures vanquished.

Notes
Turn   | Place    | Note
-------+----------+-------------------------------------------
     0 | D:1      | Descartes the Formicid Earth Elementalist began the quest
                  | for the Orb.
     0 | D:1      | Reached XP level 1. HP: 13/13 MP: 3/3
   183 | D:1      | Reached skill level 4 in Earth Magic
   231 | D:1      | Reached XP level 2. HP: 19/19 MP: 0/5
   525 | D:1      | Reached XP level 3. HP: 10/24 MP: 4/6
   702 | D:1      | Reached skill level 5 in Earth Magic
  1254 | D:1      | Reached XP level 4. HP: 10/30 MP: 7/7
  1842 | D:2      | Reached XP level 5. HP: 30/35 MP: 2/9
  2196 | D:3      | Reached skill level 6 in Earth Magic
  2383 | D:3      | Found a glowing golden altar of the Shining One.
  2711 | D:3      | Killed from afar by a white imp

Illustrated notes

Levels and vault maps discovered:
D:1:      scummos_arrival_hexagon, layout_rooms, minmay_tetromino_l2
D:2:      layout_basic, serial_bayou_lake_a
D:3:      layout_basic, nicolae_overflow_ecumenical_swirl,
          nicolae_tso_besieged_by_evil

Skill      XL: |  1  2  3  4  5 |
---------------+----------------+-----
Earth Magic    | 4 5 6 |  6.2
Spellcasting   | 3 |  3.3
Dodging        | |  1.7
Stealth        | |  2.4
Transmutations | |  1.1

Action                     |  1- 3 |  4- 6 || total
---------------------------+-------+-------++-------
  Melee: Dagger            |   252 |    20 ||   272
         Punch             |     1 |       ||     1
   Cast: Sandblast         |    22 |    46 ||    68
 Armour: Chain mail        |   235 |    47 ||   282
         Robe              |     9 |       ||     9
  Dodge: Dodged            |   110 |    34 ||   144

Table legend: (Time is in decaauts)
 A = Elapsed time spent in this place.
 B = Non-inter-level travel time spent in this place.
 C = Inter-level travel time spent in this place.
 D = Time resting spent in this place.
 E = Time spent auto-exploring this place.
 F = Levels seen in this place.
 G = Mean time per level.
                   A        B        C        D        E       F      G
               +--------+--------+--------+--------+--------+-----+--------+
         Total |   2776 |   2667 |    109 |      0 |   1876 |   3 |  925.3 |
       Dungeon |   2776 |   2667 |    109 |      0 |   1876 |   3 |  925.3 |
               +--------+--------+--------+--------+--------+-----+--------+

Top non-repeatable levels by time:
     D:1: 1367 daAuts
     D:2: 1026 daAuts
     D:3: 382 daAuts
